 Dungeon Crawl Stone Soup version 0.29-a0-330-g52719c12eb (webtiles) character file.

Game seed: 2641808538111939396

328 Flugslaktarn the Stinger (level 6, -4/41 HPs)
             Began as a Human Venom Mage on Apr 14, 2022.
             Slain by a hound (5 damage)
             ... on level 4 of the Dungeon.
             The game lasted 00:06:16 (1357 turns).

Flugslaktarn the Stinger (Human Venom Mage)         Turns: 1357, Time: 00:06:17

Health: -4/41      AC:  3    Str: 14    XL:     6   Next: 80%
Magic:  4/11       EV: 12    Int: 17    God:
Gold:   138        SH:  0    Dex: 14    Spells: 1/11 levels left

rFire   . . .      SeeInvis .   h - +0 mace
rCold   . . .      Faith    .   (no shield)
rNeg    . . .      Spirit   .   a - +0 robe
rPois   .          Reflect  .   (no helmet)
rElec   .          Harm     .   (no cloak)
rCorr   .          Rampage  .   p - +0 pair of gloves
Will    .....                   (no boots)
Stlth   ++........              (no amulet)
HPRegen 0.13/turn               f - +6 ring of strength
MPRegen 0.12/turn               (no ring)

@: no status effects
A: no striking features
a: no special abilities


You were on level 4 of the Dungeon.
You visited 1 branch of the dungeon, and saw 4 of its levels.

You collected 138 gold pieces.

Inventory:

Hand Weapons
 h - a +0 mace (weapon)
   (You found it on level 1 of the Dungeon)
 m - a +0 dagger
   (You took it off a goblin on level 1 of the Dungeon)
 n - a +0 battleaxe
   (You found it on level 2 of the Dungeon)
 s - a +1 vampiric hand axe
   (You took it off an orc on level 3 of the Dungeon)
Missiles
 i - 55 stones
Armour
 a - a +0 robe (worn)
 j - a +3 chain mail
   (You found it on level 2 of the Dungeon)
 p - a +0 pair of gloves (worn)
   (You found it on level 3 of the Dungeon)
Magical Staves
 l - a staff of cold
   (You found it on level 3 of the Dungeon)
 o - a staff of air
   (You found it on level 2 of the Dungeon)
Jewellery
 f - a +6 ring of strength (left hand)
   (You found it on level 1 of the Dungeon)
Scrolls
 e - a scroll of teleportation {unknown}
 k - a scroll of fog {unknown}
Potions
 c - a potion of mutation {unknown}
 d - 2 potions of might
 g - a potion of cancellation {unknown}
 r - a potion of heal wounds {unknown}
 t - a potion of lignification {unknown}


   Skills:
 - Level 2.0 Dodging
 - Level 2.0 Stealth
 + Level 3.4 Spellcasting
 - Level 2.0 Transmutations
 - Level 2.0 Air Magic
 + Level 5.5 Poison Magic


You had one spell level left.
You knew the following spells:

 Your Spells              Type           Power      Damage    Failure   Level
a - Sting                 Tmut/Pois      60%        1d6       3%          1
b - Poisonous Vapours     Pois/Air       30%        N/A       5%          2
c - Mephitic Cloud        Conj/Pois/Air  11%        N/A       19%         3
d - Olgreb's Toxic Radia  Pois           21%        N/A       17%         4

Your spell library contained the following spells:

 Spells                   Type           Power      Damage    Failure   Level
 Summon Guardian Golem    Hex/Summ       2%         N/A       45%         3
 Orb of Destruction       Conj           1%         9d5       100%        7
 Spellforged Servitor     Conj/Summ      1%         N/A       100%        7


Dungeon Overview and Level Annotations

Branches:
Dungeon (4/15)
 Temple: D:4-7

Altars:

Shops:
D:1 *   D:2 *

Annotations:
D:4 2 transporters, starts1789's ghost, amateur MiFi


Message History

Casting: Sting (safe; 3% risk of failure)
Confirm with . or Enter, or press ? or * to list all spells.
Aiming: Sting (safe; 3% risk of failure)
Press: ? - help, Shift-Dir - straight line, f/p - Blork the orc
Aim: Blork the orc, wielding a +0 scimitar and wearing a +0 robe (heavily wounded, fast, very poisoned, 77% to hit)
The sting hits Blork the orc.
Blork the orc looks even sicker.
Blork the orc is heavily wounded.
Blork the orc completely misses you.
Casting: Sting (safe; 3% risk of failure)
Confirm with . or Enter, or press ? or * to list all spells.
Aiming: Sting (safe; 3% risk of failure)
Press: ? - help, Shift-Dir - straight line, f/p - Blork the orc
Aim: Blork the orc, wielding a +0 scimitar and wearing a +0 robe (heavily wounded, fast, very poisoned, 77% to hit)
The sting hits Blork the orc.
Blork the orc looks as sick as possible!
Blork the orc is heavily wounded.
Blork the orc points at you and mumbles some strange words.
The puff of flame hits you! Blork the orc misses you.
Casting: Sting (safe; 3% risk of failure)
Confirm with . or Enter, or press ? or * to list all spells.
Aiming: Sting (safe; 3% risk of failure)
Press: ? - help, Shift-Dir - straight line, f/p - Blork the orc
Aim: Blork the orc, wielding a +0 scimitar and wearing a +0 robe (severely wounded, fast, extremely poisoned, 77% to hit)
You miscast Sting.
You are very lightly contaminated with residual magic.
Nothing appears to happen.
The jelly quivers.
Blork the orc closely misses you.
Casting: Sting (safe; 3% risk of failure)
Confirm with . or Enter, or press ? or * to list all spells.
Aiming: Sting (safe; 3% risk of failure)
Press: ? - help, Shift-Dir - straight line, f/p - Blork the orc
Aim: Blork the orc, wielding a +0 scimitar and wearing a +0 robe (severely wounded, fast, extremely poisoned, 77% to hit)
The sting misses Blork the orc.
Blork the orc misses you.
Blork the orc gestures at you while chanting.
The magic dart hits you!
* * * LOW HITPOINT WARNING * * *
Unknown command.
You feel better. Blork the orc barely misses you.
You aren't carrying any items that you can evoke.
Unknown command.
You barely miss Blork the orc.
Blork the orc is almost dead.
The hound barks!
Blork the orc hits you with a +0 scimitar!
* * * LOW HITPOINT WARNING * * *
A quokka comes into view.
Blork the orc hits you with a +0 scimitar.
* * * LOW HITPOINT WARNING * * *
Unknown command.
Casting: Sting (safe; 3% risk of failure)
Confirm with . or Enter, or press ? or * to list all spells.
You don't have enough magic to cast this spell.
Unknown command.
Okay, then.
Magic courses through your body.
You kill Blork the orc!
Unknown command.
Casting: Sting (safe; 3% risk of failure)
Confirm with . or Enter, or press ? or * to list all spells.
The spell is quite dangerous to miscast (17% risk of failure)!
Continue anyway?
You begin to radiate toxic energy.
The quokka is poisoned.
The hound is poisoned.
The quokka looks even sicker.
The hound bites you.
* * * LOW HITPOINT WARNING * * *
The hound bites you.
* * * LOW HITPOINT WARNING * * *
Unknown command.
Casting: Olgreb's Toxic Radiance (quite dangerous; 17% risk of failure)
Confirm with . or Enter, or press ? or * to list all spells.
Aiming: Sting (safe; 3% risk of failure)
Press: ? - help, Shift-Dir - straight line, f - jelly
Aim: a jelly (100% to hit)
The sting hits the jelly.
The jelly partially resists.
The jelly is poisoned.
The jelly is lightly wounded.
The quokka looks even sicker.
Your toxic aura wanes.
You kill the quokka!
The hound barely misses you. The jelly misses you.
Your magical contamination has completely faded away.
Casting: Sting (safe; 3% risk of failure)
Confirm with . or Enter, or press ? or * to list all spells.
Aiming: Sting (safe; 3% risk of failure)
Press: ? - help, Shift-Dir - straight line, f/p - jelly
Aim: a jelly (lightly wounded, poisoned, 100% to hit)
The sting hits the jelly.
The jelly partially resists.
The jelly looks even sicker.
The jelly is lightly wounded.
The hound closely misses you. The jelly hits you but does no damage.
The hound bites you.
* * * LOW HITPOINT WARNING * * *
Casting: Sting (safe; 3% risk of failure)
Confirm with . or Enter, or press ? or * to list all spells.
Aiming: Sting (safe; 3% risk of failure)
Press: ? - help, Shift-Dir - straight line, f/p - jelly
Aim: a jelly (lightly wounded, very poisoned, 100% to hit)
The sting hits the jelly.
The jelly partially resists.
The jelly looks even sicker.
The jelly is moderately wounded.
The hound bites you.
You die...

...#.Z##...##..#..#
...#.(...©.. #..#
...# .# ..# #..##
...# .# ...8 #...#
...# .##Z..# #...#
...# ..... #...#
...# ... . #...#
...#############...#
.........©......@..#
...............Jh..#
....#......##...##+#
#.#.######.##...
#.#.# ##.†. #.#+#
#... ... #... #..
#... ...


You could see a hound (poisoned) and a jelly (very poisoned).

Vanquished Creatures
  Blork the orc (D:4)
  2 scorpions (D:4)
  A jelly (D:4)
  A hound (D:3)
  2 adders (D:2)
  2 ufetubi
  A worm (D:2)
  2 dart slugs
  4 orcs
  3 bats
  5 endoplasms
  3 giant cockroaches
  4 hobgoblins
  3 kobolds
  A quokka (D:4)
  5 ball pythons
  5 frilled lizards
  5 goblins
  3 rats
53 creatures vanquished.

Notes
Turn   | Place    | Note
-------+----------+-------------------------------------------
     0 | D:1      | Flugslaktarn the Human Venom Mage began the quest for the
                  | Orb.
     0 | D:1      | Reached XP level 1. HP: 13/13 MP: 3/3
    92 | D:1      | Found Yvvuideu's Assorted Antiques.
   103 | D:1      | Reached XP level 2. HP: 13/19 MP: 3/5
   106 | D:1      | Learned a level 2 spell: Poisonous Vapours
   331 | D:2      | Reached skill level 1 in Air Magic
   332 | D:2      | Found a faded altar of an unknown god.
   345 | D:2      | Reached XP level 3. HP: 12/24 MP: 0/6
   446 | D:3      | Learned a level 3 spell: Mephitic Cloud
   505 | D:4      | Noticed a scorpion
   614 | D:3      | Reached XP level 4. HP: 25/30 MP: 5/7
   652 | D:2      | Found Ixzun's General Store.
   817 | D:4      | Killed a scorpion
   818 | D:4      | Reached skill level 4 in Poison Magic
   818 | D:4      | Reached XP level 5. HP: 27/35 MP: 3/9
   832 | D:4      | Noticed Blork the orc
  1060 | D:4      | Reached skill level 5 in Poison Magic
  1060 | D:4      | Reached XP level 6. HP: 31/41 MP: 5/10
  1068 | D:4      | Learned a level 4 spell: Olgreb's Toxic Radiance
  1306 | D:4      | Found a transporter.
  1309 | D:4      | Found a transporter.
  1310 | D:4      | Noticed starts1789's ghost (amateur MiFi)
  1353 | D:4      | Killed Blork the orc
  1356 | D:4      | HP: 1/41 [hound (2)]
  1357 | D:4      | Slain by a hound

Illustrated notes

Levels and vault maps discovered:
D:1:      saegor_arrival_miasma, layout_loops_cross, serial_shops,
          nicolae_shop_crystal, minmay_liquid_box, minmay_misc_feat_plants,
          corexii_item_surrounded_by_moat
D:2:      layout_rooms, serial_shops, shop,
          hellmonk_ecumenical_altar_arch_garden, chequers_serial_rivers_micro_c
D:3:      layout_basic, minivault_23
D:4:      layout_basic, gammafunk_ghost_mausoleum, grunt_ministairs_3,
          uniq_blork_the_orc

Skill      XL: |  1  2  3  4  5 |
---------------+----------------+-----
Transmutations | 2 |  2.0
Air Magic      | 1 2 |  2.0
Spellcasting   | 3 |  3.4
Poison Magic   | 4 5 |  5.5
Dodging        | |  2.0
Stealth        | |  2.0

Action                   |  1- 3 |  4- 6 || total
-------------------------+-------+-------++-------
Melee: Dagger            |    15 |       ||    15
       Mace              |    24 |    22 ||    46
 Cast: Sting             |    37 |    60 ||    97
       Olgreb's Toxic Ra |       |     1 ||     1
       Poisonous Vapours |       |     1 ||     1
  Use: Potion            |     1 |     2 ||     3
       Scroll            |       |     1 ||     1
Armor: Robe              |     6 |    14 ||    20
Dodge: Dodged            |    33 |    61 ||    94

Table legend: (Time is in decaauts)
 A = Elapsed time spent in this place.
 B = Non-inter-level travel time spent in this place.
 C = Inter-level travel time spent in this place.
 D = Time resting spent in this place.
 E = Time spent auto-exploring this place.
 F = Levels seen in this place.
 G = Mean time per level.
                   A        B        C        D        E       F      G
               +--------+--------+--------+--------+--------+-----+--------+
         Total |   1379 |   1169 |    210 |      0 |      0 |   4 |  344.8 |
       Dungeon |   1379 |   1169 |    210 |      0 |      0 |   4 |  344.8 |
               +--------+--------+--------+--------+--------+-----+--------+

Top non-repeatable levels by time:
     D:3: 472 daAuts
     D:4: 362 daAuts
     D:1: 295 daAuts
     D:2: 248 daAuts
